 Dungeon Crawl Stone Soup version 0.28-a0-803-g74956062c1 (webtiles) character file.

Game seed: 9825717230516332551

814 BinkBink the Magician (level 7, -9/52 HPs)
             Began as a Mummy Necromancer on Nov 7, 2021.
             Killed from afar by Ijyb (33 damage)
             ... with a bolt of acid
             ... on level 5 of the Dungeon.
             The game lasted 00:33:05 (7456 turns).

BinkBink the Magician (Mummy Necromancer)           Turns: 7456, Time: 00:33:09

Health: -9/52      AC:  5    Str: 11    XL:     7   Next: 62%
Magic:  14/17      EV: 12    Int: 17    God:
Gold:   146        SH:  0    Dex: 12    Spells: 13/19 levels left

rFire   x . .      SeeInvis .   d - +0 mace
rCold   + . .      Faith    .   (no shield)
rNeg    + + +      Spirit   .   a - +0 robe
rPois   ∞          Reflect  .   (no helmet)
rElec   .          Harm     .   (no cloak)
rCorr   .          Rampage  .   f - +2 pair of gloves
Will    .....                   (no boots)
Stlth   ++........              (no amulet)
HPRegen 0.17/turn               j - ring of wizardry
MPRegen 0.15/turn               i - +4 ring of protection

@: corroded, studying Long Blades
A: cold resistance 1, negative energy resistance 3, torment resistance 2, heat
vulnerability 1, no potions
a: no special abilities


You were on level 5 of the Dungeon.
You visited 1 branch of the dungeon, and saw 5 of its levels.

You collected 146 gold pieces.

Inventory:

Hand Weapons
 d - a +0 mace (weapon)
 k - a +1 antimagic rapier
Armour
 a - a +0 robe (worn)
 f - a +2 pair of gloves (worn)
Jewellery
 i - a +4 ring of protection (right hand)
 j - a ring of wizardry (left hand)
 l - an amulet of faith
Wands
 b - a wand of paralysis (13)
Scrolls
 c - a scroll of enchant weapon {unknown}
 e - a scroll of noise
 g - a scroll of enchant armour
 h - a scroll of identify


   Skills:
 * Level 3.3 Fighting
 - Level 1.5 Dodging
 - Level 1.5 Stealth
 + Level 6.8 Spellcasting
 + Level 6.4 Necromancy
 * Level 1.9 Ice Magic


You had 13 spell levels left.
You knew the following spells:

 Your Spells              Type           Power      Damage    Failure   Level
a - Pain                  Necr           100%       1d9       1%          1
b - Animate Skeleton      Necr           54%        N/A       1%          1
c - Freeze                Ice            48%        1d7       2%          1
d - Vampiric Draining     Necr           27%        2d7       1%          3

Your spell library contained the following spells:

 Spells                   Type           Power      Damage    Failure   Level
 Animate Dead             Necr           13%        N/A       3%          4
 Frozen Ramparts          Ice            24%        1d4       6%          3
 Agony                    Necr           27%        N/A       10%         5
 Hailstorm                Conj/Ice       9%         3d4       30%         4


Dungeon Overview and Level Annotations

Branches:
Dungeon (5/15)
 Temple: D:4-7

Altars:
Dithmenos
The Shining One

Shops:
D:2 !

Annotations:
D:4 Menkaure
D:5 Ijyb


Innate Abilities, Weirdness & Mutations

You are immune to poison.
Your flesh is cold resistant. (rC+)
You are immune to negative energy. (rN+++)
You are immune to unholy pain and torment.
You are vulnerable to heat. (rF-)
You do not drink.


Message History

You see here a +0 leather armour.
Found a scroll labelled XYL FOORGHOUS.
Found an escape hatch in the floor.
You see here a scroll labelled XYL FOORGHOUS.
You are no longer corroded.
There is a stone staircase leading up here.
The gnoll closely misses you.
You climb upwards.
Level annotation: Menkaure
There is a stone staircase leading down here.
You are too injured to fight recklessly!
Casting: Pain (safe; 1% risk of failure)
Confirm with . or Enter, or press ? or * to list all spells.
Aiming: Vampiric Draining (safe; 1% risk of failure)
Press: ? - help, Shift-Dir - straight line, f - gnoll
Aim: a gnoll, wielding a +0 club You draw life force from the gnoll!
You kill the gnoll!
You feel life coursing into your body.
Menkaure is nearby!
You climb downwards.
Level annotation: Ijyb Ijyb zaps a wand.
The bolt of acid hits you!
There is a stone staircase leading up here.
Casting: Vampiric Draining (safe; 1% risk of failure)
Confirm with . or Enter, or press ? or * to list all spells.
You can't see any susceptible monsters within range! (Use Z to cast anyway.) Ijyb writhes in agony!
Ijyb writhes in agony.
Ijyb screams, "Level is mine!
All mine!"
Ijyb zaps a wand.
The bolt of acid hits you! The acid corrodes you!
You are too injured to fight recklessly!
Casting: Pain (safe; 1% risk of failure)
Confirm with . or Enter, or press ? or * to list all spells.
Aiming: Pain (safe; 1% risk of failure)
Press: ? - help, Shift-Dir - straight line, f/p - Ijyb
Aim: Ijyb, wielding a +2 spectral club, wearing a +0 plate armour and carrying a wand of acid (4) (moderately wounded, chance to affect: 89%) Ijyb writhes in agony!
Ijyb zaps a wand.
The bolt of acid hits you!!
Ouch! That really hurt!
You die...

#. #. #. #.
#.#########..#
#............#
#......# #.# #
#@.....####.####
#
#..g...##......#
#
#......##......#
#
#.......#......#
#
##.####.#......#
# #.# #........#
#.# ###......##
#.# #.......#
#.......##


You could see Ijyb.

Vanquished Creatures
  Eustachio (D:4)
  A necrophage (D:3)
  A black bear (D:5)
  A phantom (D:3)
  A kobold brigand (D:3)
  2 bullfrogs (D:4)
  A hound (D:4)
  6 gnolls
  9 adders
  2 worms
  6 endoplasms
  5 giant cockroaches
  5 goblins
  6 hobgoblins
  9 jackals
  2 quokkas
  4 ball pythons
  A bat (D:2)
  2 frilled lizards
  8 kobolds
  6 rats
  A spectral kobold (D:2)
80 creatures vanquished.

Notes
Turn   | Place    | Note
-------+----------+-------------------------------------------
     0 | D:1      | BinkBink the Mummy Necromancer began the quest for the Orb.
     0 | D:1      | Reached XP level 1. HP: 13/13 MP: 4/4
   339 | D:1      | Reached XP level 2. HP: 19/19 MP: 2/5
   991 | D:2      | Found Fisunis's Distillery.
  1039 | D:2      | Reached XP level 3. HP: 25/25 MP: 3/7
  1260 | D:2      | Reached skill level 1 in Fighting
  1664 | D:2      | Found a faded altar of an unknown god.
  1745 | D:2      | Learned a level 1 spell: Animate Skeleton
  1927 | D:3      | Reached XP level 4. HP: 30/32 MP: 5/9
  2421 | D:3      | Reached skill level 5 in Necromancy
  2622 | D:3      | Noticed a kobold brigand
  2662 | D:3      | Killed a kobold brigand
  2663 | D:3      | Reached XP level 5. HP: 21/38 MP: 1/12
  3260 | D:4      | Noticed Menkaure
  3380 | D:4      | Noticed a necrophage
  3684 | D:3      | Learned a level 1 spell: Freeze
  3942 | D:4      | Noticed Eustachio
  4194 | D:3      | Killed a necrophage
  4195 | D:3      | Reached skill level 5 in Spellcasting
  4195 | D:3      | Reached XP level 6. HP: 24/46 MP: 13/13
  4463 | D:3      | Learned a level 3 spell: Vampiric Draining
  5179 | D:3      | Reached skill level 1 in Ice Magic
  5388 | D:5      | Entered Level 5 of the Dungeon
  5743 | D:4      | Found a shadowy altar of Dithmenos.
  5872 | D:4      | Killed Eustachio
  5873 | D:4      | Reached XP level 7. HP: 37/51 MP: 0/16
  7138 | D:5      | Noticed Ijyb
  7456 | D:5      | Killed from afar by Ijyb

Illustrated notes

Levels and vault maps discovered:
D:1:      minmay_arrival_up_and_down, layout_basic, minmay_misc_feat_pillars
D:2:      minmay_inner_zag, layout_basic, serial_shops, shop,
          dreamdust_ecumenical_altar_drowned_temple, minivault_24
D:3:      layout_basic, chequers_serial_rivers_micro_a, lightli_corner_chamber
D:4:      layout_basic, nicolae_dithmenos_through_a_glass_darkly,
          minmay_manual_monstrance, uniq_eustachio, uniq_menkaure
D:5:      black_bear_nest_1, layout_rooms, lemuel_zombie_altar_yredelemnul,
          lemuel_tele_altar, tso_metal_star, minmay_misc_feat_more_columns,
          uniq_duvessa, uniq_ijyb

Skill      XL: |  1  2  3  4  5  6  7 |
---------------+----------------------+-----
Spellcasting   | 3 4 5 6 |  6.8
Fighting       | 1 2 3 |  3.3
Necromancy     | 5 6 |  6.4
Ice Magic      | 1 |  1.9
Dodging        | |  1.5
Stealth        | |  1.5

Action                   |  1- 3 |  4- 6 |  7- 9 || total
-------------------------+-------+-------+-------++-------
Melee: Unarmed           |     9 |       |       ||     9
       Mace              |     4 |    65 |     7 ||    76
 Cast: Pain              |    71 |    96 |    39 ||   206
       Animate Skeleton  |       |     5 |     3 ||     8
       Freeze            |       |     7 |     1 ||     8
       Vampiric Draining |       |       |     3 ||     3
  Use: Scroll            |     3 |     5 |       ||     8
Armor: Robe              |     8 |    60 |    24 ||    92
Dodge: Dodged            |    19 |    97 |    42 ||   158

Table legend: (Time is in decaauts)
 A = Elapsed time spent in this place.
 B = Non-inter-level travel time spent in this place.
 C = Inter-level travel time spent in this place.
 D = Time resting spent in this place.
 E = Time spent auto-exploring this place.
 F = Levels seen in this place.
 G = Mean time per level.
                   A        B        C        D        E       F      G
               +--------+--------+--------+--------+--------+-----+--------+
         Total |   7513 |   6582 |    931 |      0 |   4315 |   5 | 1502.6 |
       Dungeon |   7513 |   6582 |    931 |      0 |   4315 |   5 | 1502.6 |
               +--------+--------+--------+--------+--------+-----+--------+

Top non-repeatable levels by time:
     D:3: 3159 daAuts
     D:4: 2261 daAuts
     D:1: 958 daAuts
     D:2: 899 daAuts
     D:5: 234 daAuts
